 Dungeon Crawl Stone Soup version 0.31-a0-219-g8d62b2e7bb (webtiles) character file.

Game seed: 2171519681139149800

43 qw the Shooter (level 3, -3/21 HPs)
             Began as a Gargoyle Hexslinger on July 3, 2023.
             Slain by a gnoll
             ... wielding a +0 halberd
              (10 damage)
             ... on level 2 of the Dungeon.
             The game lasted 00:00:23 (731 turns).

qw the Shooter (Gargoyle Hexslinger)                 Turns: 731, Time: 00:00:23

Health: -3/21      AC: 10    Str: 11    XL:     3   Next: 58%
Magic:  4/4        EV: 11    Int: 13    God:
Gold:   73         SH:  0    Dex: 14    Spells: 3/4 levels left

rFire   . . .        Y - +1 sling
rCold   . . .        (no shield)
rNeg    + . .        m - +0 acid dragon scales
rPois   inf          h - +1 hat {SInv}
rElec   +            (no cloak)
rCorr   +            (no gloves)
SInv    +            (no boots)
Will    .....        (no amulet)
Stlth   +            (no ring)
HPRegen 0.23/turn    (no ring)
MPRegen 0.09/turn

%: no passive effects
@: no status effects
A: sickness immunity, AC +3, negative energy resistance 1, electricity
resistance, torment resistance 1, petrification resistance
a: no special abilities


You were on level 2 of the Dungeon.
You visited 1 branch of the dungeon, and saw 2 of its levels.

You collected 73 gold pieces.


Innate Abilities, Weirdness & Mutations

You are immune to sickness and miasma.
Your stone body is resilient. (AC +3)
You are immune to poison.
You resist negative energy. (rN+)
You are resistant to electric shocks. (rElec)
You are resistant to unholy torment.
You are immune to petrification.


   Skills:
 - Level 2.0 Fighting
 + Level 3.4 Ranged Weapons
 - Level 1.5 Dodging
 - Level 1.0 Spellcasting
 - Level 2.6 Hexes


You had 3 spell levels left.
You knew the following spells:

 Your Spells              Type           Power      Damage    Failure   Level
a - Slow                  Hex            28%        N/A       14%         1

Your spell library contained the following spells:

 Spells                   Type           Power      Damage    Failure   Level
 Inner Flame              Hex/Fire       4%         N/A       58%         3
 Portal Projectile        Hex/Tloc       8%         N/A       58%         3
 Cause Fear               Hex            3%         N/A       82%         4

Inventory:

Hand Weapons
 Y - a +1 sling (weapon)
Armour
 h - a +1 hat of see invisible (worn)
 m - +0 acid dragon scales (worn)
Potions
 j - a potion of invisibility {unknown}
 k - a potion of brilliance {unknown}

Dungeon Overview and Level Annotations

Branches:
Dungeon (2/15)

Altars:


Message History

Found a long sword.
A gnoll comes into view. It is wielding a +0 flail.
You shoot a sling bullet. The gnoll shouts!
The sling bullet hits the gnoll!
The gnoll is severely wounded.
You shoot a sling bullet.
The sling bullet barely misses the gnoll.
You shoot a sling bullet.
The sling bullet barely misses the gnoll.
You shoot a sling bullet. The sling bullet hits the gnoll.
The gnoll is severely wounded.
You shoot a sling bullet. The sling bullet hits the gnoll.
The gnoll is almost dead.
A gnoll comes into view. It is wielding a +0 club.
You shoot a sling bullet. The gnoll shouts!
The sling bullet hits the gnoll.
You kill the gnoll!
A gnoll comes into view. It is wielding a +0 halberd.
You shoot a sling bullet. The sling bullet hits the gnoll.
The gnoll is lightly wounded.
A gnoll comes into view. It is wielding a +0 spear.
724 ||| Stepping ~*~*~tactically~*~*~ (outnumbered).
The gnoll shouts!
726 ||| Stepping ~*~*~tactically~*~*~ (outnumbered).
You shoot a sling bullet. The sling bullet hits the gnoll!
The gnoll is heavily wounded.
The gnoll hits you but does no damage. x2
You shoot a sling bullet. The sling bullet hits the gnoll.
The gnoll is severely wounded.
The gnoll hits you with a +0 club. The gnoll closely misses you.
You shoot a sling bullet. The sling bullet hits the gnoll.
The gnoll is severely wounded.
The gnoll hits you but does no damage. x2; The gnoll misses you.
The gnoll hits you from afar with a +0 halberd!
You shoot a sling bullet. The sling bullet hits the gnoll.
You kill the gnoll!
The gnoll hits you from afar with a +0 halberd!
You die...

.. .. .. ####### .#
#.....##### g# ###
#.....#...# g##....
#.).......###)......
#...........@.).....
#.....##.#..#..#.###
#####[##.#.....#
#.##.......#
#.####...###
#.####[.....)
#########........####
..........######.#
...##.#.#.### .#


You could see 2 gnolls.

Vanquished Creatures
  2 gnolls (D:2)
  3 dart slugs (D:1)
  5 ball pythons (D:1)
  4 endoplasms (D:1)
  3 giant cockroaches
  2 goblins (D:1)
  3 bats
  2 frilled lizards (D:1)
  2 kobolds (D:1)
  A rat (D:1)
27 creatures vanquished.

Notes
Turn   | Place    | Note
-------+----------+-------------------------------------------
     0 | D:1      | qw the Gargoyle Hexslinger began the quest for the Orb.
     0 | D:1      | Reached XP level 1. HP: 12/12 MP: 2/2
     0 | D:1      | 0 ||| qw: Version: 0.3-a-40-ge99b1a8
     0 | D:1      | 0 ||| qw: Game counter: 381
     0 | D:1      | 0 ||| qw: Melee chars always use a shield: true
     0 | D:1      | 0 ||| qw: God list: Okawaru
     0 | D:1      | 0 ||| qw: Allow faded altars: false
     0 | D:1      | 0 ||| qw: Do Orc after clearing Dungeon:15 true
     0 | D:1      | 0 ||| qw: Do second Lair branch before Depths: true
     0 | D:1      | 0 ||| qw: Lair rune preference: random
     0 | D:1      | 0 ||| qw: Goals: Normal
     0 | D:1      | 0 ||| PLANNING D:1-11
   122 | D:1      | Reached XP level 2. HP: 16/16 MP: 3/3
   302 | D:1      | Reached skill level 3 in Ranged Weapons
   355 | D:1      | 355 ||| Stepping ~*~*~tactically~*~*~ (outnumbered).
   361 | D:1      | Reached XP level 3. HP: 21/21 MP: 4/4
   630 | D:1      | 630 ||| UPGRADING to +0 ring mail.
   640 | D:1      | 640 ||| DROPPING +0 robe.
   641 | D:1      | 641 ||| UPGRADING to +1 hat of see invisible.
   646 | D:1      | 646 ||| UPGRADING to +0 acid dragon scales.
   656 | D:1      | 656 ||| DROPPING +0 ring mail.
   657 | D:1      | 657 ||| DROPPING ring of flight.
   658 | D:1      | 658 ||| READING scroll labelled NIKUEK RU ODE.
   659 | D:1      | 659 ||| READING scroll labelled ZEANAX EQOU.
   664 | D:1      | 664 ||| READING scroll labelled PUJUEC SATALONUG.
   665 | D:1      | 665 ||| READING scroll labelled XAESUCO EVUAC.
   666 | D:1      | 666 ||| READING 2 scrolls labelled ECKOAR VEPS.
   667 | D:1      | 667 ||| DROPPING scroll of poison.
   668 | D:1      | 668 ||| DROPPING scroll of fog.
   724 | D:2      | 724 ||| Stepping ~*~*~tactically~*~*~ (outnumbered).
   726 | D:2      | 726 ||| Stepping ~*~*~tactically~*~*~ (outnumbered).
   731 | D:2      | Slain by a gnoll

Levels and vault maps discovered:
D:1:      minmay_arrival_doors, layout_basic, minmay_tall_x
D:2:      layout_loops_cross, basic_altar

Skill      XL: |  1  2  3 |
---------------+----------+-----
Ranged Weapons | 3 |  3.4
Fighting       | 2 |  2.0
Dodging        | |  1.5
Spellcasting   | |  1.0
Hexes          | |  2.6

Action                     || total
---------------------------++-------
   Fire: Sling             ||    80
    Use: Scroll            ||     5
 Armour: Robe              ||     7
         Acid dragon scale ||     4
  Dodge: Dodged            ||    27

Table legend:
 A = Non-vault XP
 B = Vault XP
 C = Vault XP percentage of total XP
 D = Non-vault monster count
 E = Vault monster count
 F = Vault count percentage of total count
                 A         B        C        D         E       F
            +---------+---------+-------+---------+---------+-------
      Total |      70 |       6 |   7.9 |      23 |       4 |  14.8
            +---------+---------+-------+---------+---------+-------
        D:1 |      38 |       6 |  13.6 |      19 |       4 |  17.4
        D:2 |      32 |       0 |   0.0 |       4 |       0 |   0.0
            +---------+---------+-------+---------+---------+-------
